 Dungeon Sprint DCSS version 0.30.0-20-g3b4254fcbd (webtiles) character file.

Game seed: 3086895686602196609

8600000 Groucho the Intangible (level 27, -86/138 (174) HPs)
             Began as a Spriggan Warper on June 2, 2023.
             Was the Champion of Makhleb.
             Annihilated by a meat berserker
             ... wielding a +9 battleaxe
              (92 damage)
             ... in the Dungeon (Sprint VIII: "Arena of Blood").
             The game lasted 00:04:02 (86 turns).

Groucho the Intangible (Spriggan Warper)              Turns: 86, Time: 00:04:02

HP:   -86/138 (174) AC:  4    Str:  7    XL:     27
MP:   37/55         EV: 43    Int: 22    God:    Makhleb [******]
Gold: 0             SH:  0    Dex: 21    Spells: 80/80 levels left

rFire   . . .        j - +โˆž Axe of Woe
rCold   . . .        (shield currently unavailable)
rNeg    . . .        b - +0 robe
rPois   .            (helmet restricted)
rElec   .            (no cloak)
rCorr   .            (gloves unavailable)
SInv    +            (boots unavailable)
Will    ++++.        (no amulet)
Stlth   ++++++++++   (no ring)
HPRegen 0.43/turn    (no ring)
MPRegen 0.34/turn

%: no teleportation
@: slowed, heavily drained, quick
A: very small, no large weapons, unfitting armour, see invisible, speed 3
a: Renounce Religion, Minor Destruction, Lesser Servant of Makhleb, Major
Destruction, Greater Servant of Makhleb


You were in the Dungeon.
You worshipped Makhleb.
Makhleb was exalted by your worship.
You visited 1 branch

Inventory:

Hand Weapons
 j - the +โˆž Axe of Woe (weapon)
   (You found it in the Dungeon)
Missiles
 d - 7 boomerangs of dispersal (quivered)
Armour
 b - a +0 robe (worn)
Scrolls
 c - 2 scrolls of blinking
Potions
 e - a potion of curing
 f - a potion of heal wounds
 g - a potion of haste
 h - 2 potions of magic
 i - a potion of berserk rage


   Skills:
 O Level 27 Fighting
 O Level 27 Short Blades
 O Level 27 Long Blades
 O Level 27 Axes
 O Level 27 Maces & Flails
 O Level 27 Polearms
 O Level 27 Staves
 O Level 27 Ranged Weapons
 O Level 27 Throwing
 O Level 27 Armour
 O Level 27 Dodging
 O Level 27 Stealth
 O Level 27 Shields
 O Level 27 Unarmed Combat
 O Level 27 Spellcasting
 O Level 27 Conjurations
 O Level 27 Hexes
 O Level 27 Summonings
 O Level 27 Necromancy
 O Level 27 Translocations
 O Level 27 Transmutations
 O Level 27 Fire Magic
 O Level 27 Ice Magic
 O Level 27 Air Magic
 O Level 27 Earth Magic
 O Level 27 Poison Magic
 O Level 27 Invocations
 O Level 27 Evocations


You had 80 spell levels left.
You didn't know any spells.
Your spell library contained the following spells:

 Spells                   Type           Power      Damage    Failure   Level
 Blink                    Tloc           100%       N/A       0%          2
 Lesser Beckoning         Tloc           100%       N/A       0%          2
 Teleport Other           Tloc           99%        N/A       0%          3
 Vhi's Electric Charge    Tloc/Air       100%       N/A       0%          3
 Manifold Assault         Tloc           99%        N/A       0%          4


Dungeon Overview and Level Annotations

Branches:
Dungeon (1/1)

Altars:
Makhleb


Innate Abilities, Weirdness & Mutations

You are very small and have problems with some larger weapons.
You are too small for most types of armour.
You have supernaturally acute eyesight. (SInv)
You cover ground extremely quickly. (Speed+++)


Message History

You have mastered Maces & Flails!
You have mastered Polearms!
You have mastered Staves!
You have mastered Shields!
You have mastered Conjurations!
You cannot train any new skills!
Unknown command.
Unknown command.
You hit the meat beast.
You slaughter the meat beast joyfully.
You kill the meat beast!
Makhleb accepts your kill.
You feel better.
You hear a shout! x6
Unknown command.
Unknown command.
A meat berserker comes into view. It is wielding a +9 battleaxe.
You hear a shout! x8
Unknown command.
Unknown command.
Unknown command.
A meat berserker comes into view. It is wielding a +9 battleaxe.
The wretched soul appears out of thin air!
A wretched soul comes into view.
The meat berserker rages.
You hear a shout! x8
A meat berserker comes into view. It is wielding a +9 battleaxe.
The meat berserker moves out of view.
Unknown command.
A meat beast comes into view.
You hear a shout!
The wretched soul breathes negative energy at you.
The bolt of negative energy hits you!!!!
You feel drained.
Ouch! That really hurt!
You hear a shout! x4
The wretched soul breathes negative energy at you.
The bolt of negative energy hits you!!!
You feel drained.
* * * LOW HITPOINT WARNING * * *
The meat berserker rages.
The meat berserker hits you with a +9 battleaxe!!!!
Ouch! That really hurt!
You die...

.....................
....................#.
......................
....................#.
#.......#.............
#W......#...........##
.###.......###W))))......
......###....W.))))...#
...2.O_.@..W))))))......
..#...O.#.).)...#.#....
#_.<._#.)))..........
#.....#......#)#.#...
....O._.........).......
......###.........#.#.# .
o###.. ....###........ยง
#.......# ........ #.
.....# ......o


You could see a meat beast (wandering, fast), 3 meat berserkers and 3 wretched
souls.

Vanquished Creatures
  6 hell beasts (D)
  4 royal mummies (D)
  4 wraiths (D)
  12 vampire knights (D)
  31 ogres (D)
  5 two-headed ogres (D)
  4 liches (D)
  2 hydras (D)
  76 orcs (D)
  4 skeletal warriors (D)
148 creatures vanquished.

Vanquished Creatures (others)
  A two-headed ogre (D)
  An orc (D)
2 creatures vanquished.

Grand Total: 150 creatures vanquished

Notes
Turn   | Place    | Note
-------+----------+-------------------------------------------
     0 | D        | Found the +โˆž Axe of Woe
     0 | D        | Groucho the Spriggan Warper began the quest for the Orb.
     0 | D        | Reached XP level 1. HP: 10/10 MP: 5/5
     2 | D        | Noticed a bag of meat
     2 | D        | Noticed a bag of meat
     4 | D        | Noticed a bag of meat
     5 | D        | Became a worshipper of Makhleb the Destroyer
     6 | D        | Noticed a bag of meat
     6 | D        | Noticed a bag of meat
     7 | D        | Noticed a bag of meat
     7 | D        | Noticed a meat berserker
     8 | D        | Noticed a meat berserker
     8 | D        | Noticed a meat berserker
     8 | D        | Noticed a meat berserker
     9 | D        | Noticed a meat berserker
    10 | D        | Killed a bag of meat
    10 | D        | Noticed a bag of meat
    10 | D        | Noticed a meat berserker
    10 | D        | Noticed a bag of meat
    10 | D        | Noticed a meat berserker
    11 | D        | Reached skill level 15 in Axes
    11 | D        | Reached XP level 2. HP: 14/14 MP: 6/6
    11 | D        | Reached XP level 3. HP: 18/18 MP: 8/8
    11 | D        | Reached XP level 4. HP: 22/22 MP: 9/9
    11 | D        | Reached XP level 5. HP: 25/25 MP: 10/10
    11 | D        | Reached XP level 6. HP: 30/30 MP: 11/11
    11 | D        | Reached XP level 7. HP: 33/33 MP: 12/12
    11 | D        | Reached XP level 8. HP: 37/37 MP: 13/13
    11 | D        | Reached XP level 9. HP: 41/41 MP: 14/14
    11 | D        | Reached XP level 10. HP: 46/46 MP: 15/15
    12 | D        | Killed a meat berserker
    12 | D        | Reached * piety under Makhleb
    12 | D        | Killed a bag of meat
    12 | D        | Noticed a meat berserker
    12 | D        | Noticed a meat berserker
    12 | D        | Noticed a bag of meat
    12 | D        | Noticed a bag of meat
    12 | D        | Noticed a bag of meat
    13 | D        | Reached skill level 27 in Dodging
    13 | D        | Reached XP level 11. HP: 49/49 MP: 16/16
    13 | D        | Reached XP level 12. HP: 53/53 MP: 17/17
    13 | D        | Reached XP level 13. HP: 57/57 MP: 18/18
    13 | D        | Killed a meat berserker
    13 | D        | Killed a meat berserker
    13 | D        | Reached ** piety under Makhleb
    13 | D        | Noticed a bag of meat
    13 | D        | Noticed a meat berserker
    14 | D        | Reached skill level 27 in Axes
    14 | D        | Reached skill level 5 in Fighting
    14 | D        | Reached skill level 10 in Translocations
    14 | D        | Reached XP level 14. HP: 68/68 MP: 18/27
    14 | D        | Killed a meat berserker
    14 | D        | Noticed a bag of meat
    15 | D        | Reached skill level 15 in Translocations
    15 | D        | Killed a meat berserker
    15 | D        | Killed a meat berserker
    15 | D        | Reached *** piety under Makhleb
    15 | D        | Noticed a bag of meat
    15 | D        | Noticed a bag of meat
    16 | D        | Reached XP level 15. HP: 88/88 MP: 18/39
    16 | D        | Noticed a meat berserker
    17 | D        | Reached skill level 15 in Fighting
    17 | D        | Reached XP level 16. HP: 95/95 MP: 18/42
    17 | D        | Reached **** piety under Makhleb
    17 | D        | Noticed a meat berserker
    18 | D        | Killed a meat berserker
    19 | D        | Reached skill level 27 in Translocations
    19 | D        | Killed a meat berserker
    19 | D        | Noticed a destroyer
    20 | D        | Reached skill level 27 in Spellcasting
    20 | D        | Killed a meat berserker
    20 | D        | Noticed a large bag of meat
    21 | D        | Reached XP level 17. HP: 119/119 MP: 19/49
    21 | D        | Noticed a meat berserker
    21 | D        | Killed a meat berserker
    21 | D        | Reached ***** piety under Makhleb
    22 | D        | Reached skill level 27 in Fighting
    22 | D        | Reached skill level 10 in Invocations
    23 | D        | Reached skill level 15 in Invocations
    23 | D        | Reached XP level 18. HP: 127/127 MP: 19/50
    23 | D        | Killed a meat berserker
    23 | D        | Noticed a meat berserker
    24 | D        | Reached skill level 27 in Stealth
    24 | D        | Killed a meat berserker
    25 | D        | Killed a destroyer
    25 | D        | Noticed a meat berserker
    26 | D        | Reached skill level 27 in Invocations
    26 | D        | Reached XP level 19. HP: 132/132 MP: 20/51
    26 | D        | Reached ****** piety under Makhleb
    27 | D        | Killed a meat berserker
    28 | D        | Noticed a large bag of meat
    28 | D        | Noticed a destroyer
    29 | D        | Killed a large bag of meat
    30 | D        | Noticed a meat berserker
    31 | D        | Killed a destroyer
    32 | D        | Reached skill level 27 in Armour
    32 | D        | Reached skill level 1 in Maces & Flails
    32 | D        | Reached skill level 1 in Polearms
    32 | D        | Reached skill level 1 in Staves
    32 | D        | Reached skill level 1 in Shields
    32 | D        | Reached skill level 1 in Conjurations
    32 | D        | Reached XP level 20. HP: 113/137 MP: 21/52
    32 | D        | Noticed a destroyer
    32 | D        | Killed a meat berserker
    33 | D        | Reached skill level 5 in Hexes
    33 | D        | Reached skill level 5 in Transmutations
    33 | D        | Reached skill level 5 in Evocations
    34 | D        | Noticed a destroyer
    35 | D        | Noticed a large bag of meat
    36 | D        | Killed a destroyer
    36 | D        | Killed a destroyer
    36 | D        | Killed a meat berserker
    36 | D        | Noticed a meat berserker
    37 | D        | Reached skill level 10 in Transmutations
    37 | D        | Reached skill level 10 in Evocations
    37 | D        | Noticed a meat berserker
    37 | D        | Killed a meat berserker
    37 | D        | Noticed a meat berserker
    38 | D        | Reached skill level 10 in Hexes
    38 | D        | Reached XP level 21. HP: 142/142 MP: 22/53
    39 | D        | Reached skill level 10 in Ranged Weapons
    39 | D        | Reached skill level 10 in Throwing
    39 | D        | Reached skill level 10 in Poison Magic
    42 | D        | Reached skill level 10 in Necromancy
    42 | D        | Reached skill level 15 in Transmutations
    42 | D        | Reached skill level 10 in Air Magic
    42 | D        | Reached skill level 10 in Earth Magic
    42 | D        | Reached skill level 15 in Evocations
    42 | D        | Noticed a destroyer
    42 | D        | Killed a destroyer
    42 | D        | Noticed a large bag of meat
    43 | D        | Reached skill level 10 in Long Blades
    43 | D        | Reached skill level 10 in Unarmed Combat
    43 | D        | Reached skill level 10 in Summonings
    43 | D        | Reached skill level 10 in Fire Magic
    43 | D        | Reached skill level 10 in Ice Magic
    43 | D        | Reached XP level 22. HP: 148/148 MP: 24/54
    43 | D        | Killed a large bag of meat
    44 | D        | Reached skill level 10 in Maces & Flails
    44 | D        | Reached skill level 10 in Polearms
    44 | D        | Reached skill level 10 in Staves
    44 | D        | Reached skill level 10 in Shields
    44 | D        | Reached skill level 10 in Conjurations
    44 | D        | Reached skill level 15 in Hexes
    45 | D        | Reached skill level 15 in Short Blades
    45 | D        | Killed a large bag of meat
    46 | D        | Reached skill level 15 in Ranged Weapons
    46 | D        | Reached skill level 15 in Throwing
    46 | D        | Reached skill level 15 in Poison Magic
    46 | D        | Reached XP level 23. HP: 114/153 MP: 24/55
    46 | D        | Noticed a large bag of meat
    47 | D        | Noticed an accursed
    47 | D        | Noticed a tyrant
    48 | D        | Noticed a destroyer
    49 | D        | Reached skill level 15 in Necromancy
    49 | D        | Reached skill level 15 in Air Magic
    49 | D        | Reached skill level 15 in Earth Magic
    51 | D        | Reached XP level 24. HP: 149/158 MP: 26/55
    51 | D        | Killed a large bag of meat
    52 | D        | Reached skill level 15 in Long Blades
    52 | D        | Reached skill level 15 in Unarmed Combat
    52 | D        | Reached skill level 15 in Summonings
    52 | D        | Reached skill level 15 in Fire Magic
    52 | D        | Reached skill level 15 in Ice Magic
    54 | D        | Noticed a destroyer
    55 | D        | Killed a large bag of meat
    56 | D        | Reached skill level 15 in Maces & Flails
    56 | D        | Reached skill level 15 in Polearms
    56 | D        | Reached skill level 15 in Staves
    56 | D        | Reached skill level 15 in Shields
    56 | D        | Reached skill level 15 in Conjurations
    56 | D        | Reached XP level 25. HP: 57/163 MP: 27/55
    56 | D        | Noticed a destroyer
    56 | D        | Noticed a tyrant
    58 | D        | Killed a destroyer
    59 | D        | Noticed a tyrant
    59 | D        | Killed a tyrant
    59 | D        | Killed a destroyer
    59 | D        | Killed a destroyer
    61 | D        | Noticed an accursed
    62 | D        | Noticed a destroyer
    63 | D        | Killed an accursed
    63 | D        | Noticed a large bag of meat
    63 | D        | Noticed a dread
    64 | D        | Reached skill level 27 in Transmutations
    64 | D        | Reached skill level 27 in Evocations
    64 | D        | Reached XP level 26. HP: 169/169 MP: 29/55
    64 | D        | Noticed an accursed
    64 | D        | Noticed an accursed
    65 | D        | Noticed a dread
    66 | D        | Killed a tyrant
    66 | D        | Noticed a destroyer
    66 | D        | Noticed a destroyer
    67 | D        | Noticed a dread
    68 | D        | Killed a destroyer
    68 | D        | Killed a tyrant
    68 | D        | Killed a large bag of meat
    69 | D        | Noticed a dread
    69 | D        | Noticed a meat beast
    69 | D        | Noticed a meat beast
    70 | D        | Killed a destroyer
    70 | D        | Killed an accursed
    70 | D        | Noticed a destroyer
    71 | D        | Reached skill level 27 in Hexes
    71 | D        | Reached XP level 27. HP: 88/174 MP: 31/55
    71 | D        | Killed a dread
    71 | D        | Killed a destroyer
    71 | D        | Killed an accursed
    71 | D        | Noticed a tyrant
    73 | D        | Reached skill level 27 in Short Blades
    73 | D        | Killed an accursed
    73 | D        | Killed a meat beast
    73 | D        | Killed a meat beast
    74 | D        | Reached skill level 27 in Ranged Weapons
    74 | D        | Reached skill level 27 in Throwing
    74 | D        | Reached skill level 27 in Poison Magic
    74 | D        | Killed a dread
    74 | D        | Killed a dread
    75 | D        | Killed a dread
    76 | D        | Reached skill level 27 in Necromancy
    76 | D        | Reached skill level 27 in Air Magic
    76 | D        | Reached skill level 27 in Earth Magic
    76 | D        | Killed a destroyer
    77 | D        | Noticed a meat beast
    77 | D        | Noticed a meat beast
    78 | D        | Killed a tyrant
    78 | D        | Noticed a meat beast
    80 | D        | Noticed a meat beast
    81 | D        | Killed a meat beast
    81 | D        | Killed a meat beast
    82 | D        | Reached skill level 27 in Long Blades
    82 | D        | Reached skill level 27 in Unarmed Combat
    82 | D        | Reached skill level 27 in Summonings
    82 | D        | Reached skill level 27 in Fire Magic
    82 | D        | Reached skill level 27 in Ice Magic
    82 | D        | Killed a meat beast
    83 | D        | Reached skill level 27 in Maces & Flails
    83 | D        | Reached skill level 27 in Polearms
    83 | D        | Reached skill level 27 in Staves
    83 | D        | Reached skill level 27 in Shields
    83 | D        | Reached skill level 27 in Conjurations
    83 | D        | Killed a meat beast
    86 | D        | Noticed a meat beast
    86 | D        | HP: 6/138 [wretched soul/bolt of negative energy (65)]
    86 | D        | Annihilated by a meat berserker

Illustrated notes

Levels and vault maps discovered:
D:        meatsprint

Skill      XL: |  1  2  3  4  5  6  7  8  9 10 11 12 13 14 15 16 17 18 19 20 21 22 23 24 25 26 27 |
---------------+----------------------------------------------------------------------------------+-----
Axes           | 15 22 27 | 27.0
Dodging        | 23 27 | 27.0
Fighting       | 5 14 15 25 27 | 27.0
Spellcasting   | 8 19 21 27 | 27.0
Translocations | 10 22 25 27 | 27.0
Stealth        | 22 27 | 27.0
Invocations    | 15 27 | 27.0
Armour         | 12 27 | 27.0
Short Blades   | 2 9 13 16 18 20 23 25 27 | 27.0
Long Blades    | 2 7 10 13 14 16 18 20 27 | 27.0
Maces & Flails | 1 6 9 12 13 15 17 19 27 | 27.0
Polearms       | 1 6 9 12 13 15 17 18 27 | 27.0
Staves         | 1 6 9 12 13 15 17 19 27 | 27.0
Ranged Weapons | 2 9 12 15 17 19 21 23 27 | 27.0
Throwing       | 3 9 12 15 17 19 21 23 27 | 27.0
Shields        | 1 6 9 12 13 15 17 18 27 | 27.0
Unarmed Combat | 2 7 10 13 14 16 18 20 27 | 27.0
Conjurations   | 1 6 9 12 13 15 17 18 27 | 27.0
Hexes          | 3 10 14 18 20 22 25 27 | 27.0
Summonings     | 2 7 10 13 14 16 18 20 27 | 27.0
Necromancy     | 2 8 11 14 15 17 20 22 27 | 27.0
Transmutations | 3 11 15 19 21 24 27 | 27.0
Fire Magic     | 2 7 10 13 14 16 18 20 27 | 27.0
Ice Magic      | 2 7 10 13 14 16 18 20 27 | 27.0
Air Magic      | 2 8 11 14 15 17 20 22 27 | 27.0
Earth Magic    | 2 8 11 14 15 17 20 22 27 | 27.0
Poison Magic   | 2 9 12 15 17 19 21 23 27 | 27.0
Evocations     | 3 11 15 19 21 24 27 | 27.0

Action                     |  1- 3 |  4- 6 |  7- 9 | 10-12 | 13-15 | 16-18 | 19-21 | 22-24 | 25-27 || total
---------------------------+-------+-------+-------+-------+-------+-------+-------+-------+-------++-------
  Melee: Broad axe         |     1 |       |       |     1 |     4 |     9 |    13 |    12 |    23 ||    63
  Dodge: Dodged            |       |       |       |       |       |       |       |       |     6 ||     6
